 Dungeon Crawl Stone Soup version 0.15.2 (webtiles) character file.

64 glosham the Skirmisher (level 4, -2/50 HPs)
             Began as an Ogre Arcane Marksman on Apr 8, 2017.
             Slain by a wyvern (11 damage)
             ... on Level 9 of the Dungeon.
             The game lasted 00:12:50 (611 turns).

glosham the Skirmisher (Ogre Arcane Marksman)        Turns: 611, Time: 00:12:51

HP  -2/50        AC  4     Str 16      XL: 4   Next: 12%
MP   6/6         EV 10     Int 12      God:
Gold 87          SH  0     Dex 10      Spells:  1 memorised,  4 levels left

rFire  . . .     SeeInvis .     a - -2 short sword (curse)
rCold  . . .     Clarity  .     X - +1 robe
rNeg   . . .     rCorr    .     (shield restricted)
rPois  .         rRot     .     (helmet restricted)
rElec  .         Spirit   .     (no cloak)
SustAb .         Warding  .     (gloves unavailable)
rMut   .         Rnd*Tele +     (boots unavailable)
Gourm  .                        (no amulet)
MR     .....                    (no ring)
                                i - cursed ring of teleportation

@: not resistant to hostile enchantments, very unstealthy
A: unfitting armour, tough skin 1
a: Evoke Teleportation


You were on level 9 of the Dungeon.
You were not hungry.

You visited 1 branch of the dungeon, and saw 9 of its levels.

You collected 87 gold pieces.

Inventory:

Hand weapons
 a - a cursed -2 short sword (weapon)
 j - a cursed +0 club
 l - a +3 falchion of electrocution
 n - a +0 war axe
 o - a +0 glaive
 p - a +0 mace
Missiles
 b - 4 large rocks (quivered)
 c - a throwing net
 e - 15 stones
 h - 6 poisoned needles
Armour
 X - a +1 robe (worn)
Comestibles
 f - a meat ration
Scrolls
 s - 2 scrolls of fog
Jewellery
 i - a cursed ring of teleportation (left hand)
Potions
 g - 3 potions of curing
 k - a potion of heal wounds {unknown}
 m - a potion of restore abilities {unknown}
 r - a potion of magic {unknown}
Books
 d - a book of Debilitation

   Spells                             Type                      Level
   *Corona                            Hexes                        1
   Slow                               Hexes                        2
   Inner Flame                        Hexes/Fire                   3
   Enslavement                        Hexes                        4
   Cause Fear                         Hexes                        4
   Leda's Liquefaction                Hexes/Earth                  4
Magical staves
 q - an uncursed staff of fire {unknown}


   Skills:
 * Level 5.1 Fighting
 - Level 2.1 Throwing
 - Level 1.7 Dodging
 - Level 1.2 Spellcasting
 - Level 2.1 Hexes


You had 4 spell levels left.
You knew the following spells:

 Your Spells              Type           Power        Failure   Level  Hunger
c - Corona                Hex            #......      14%         1    ##.....


Dungeon Overview and Level Annotations

Branches:
Dungeon (9/15)
 Temple: D:4-7          Orc: D:9-12        Lair: D:8-11

Altars:

Shops:
D:4 :

Annotations:
D:5 Menkaure


Innate Abilities, Weirdness & Mutations

You are too large for most types of armour.
You have tough skin (AC +1).


Message History

The bat zombie hits you but does no damage.
You climb downwards.
There is a stone staircase leading up here.
Fire/throw which item? (* to show all) (? for menu, Esc to quit)
Press: ? - help, Shift-Dir - straight line, f - hobgoblin
Aim: a hobgoblin, wielding a club
Okay, then.
Throwing (i - inventory. (,) - cycle):
b - 4 large rocks (quivered)
Press: ? - help, Shift-Dir - straight line, f - hobgoblin
Aim: a hobgoblin, wielding a club You throw a large rock.
The large rock hits the hobgoblin!
You kill the hobgoblin!
b - 4 large rocks (gained 1)
You see here a club.
Read which item? (? for menu, Esc to quit)
Okay, then.
Found a stone staircase leading down.
Found 3 scrolls labeled VEANWINYRI.
There is a stone staircase leading down here.
Found 9 gold pieces.
Found a leather armour.
s - 3 scrolls labeled VEANWINYRI You now have 87 gold pieces (gained 9).
Read which item? (? for menu, Esc to quit)
As you read the scroll labeled VEANWINYRI, it crumbles to dust.
The scroll dissolves into smoke.
It was a scroll of fog.
A crimson imp comes into view.
The crimson imp shouts!
The crimson imp blinks!
There is a stone staircase leading down here.
You climb downwards.
A wyvern and a troll come into view.
The troll shouts!
Found a papyrus book.
There is a stone staircase leading up here.
Use which ability? (? or * to list)
You fail to use your ability.
Use which ability? (? or * to list)
You fail to use your ability.
The wyvern bites you!
You die...

#.. #..#:.
#T.#. #....
. #...
..#####..#
.........#
#.........#
#.......@.#
#..####.D.#
#...# #...#
#...# #...#
#####


You could see a troll and a wyvern.

Vanquished Creatures
  2 worker ants (D:4)
  An adder (D:3)
  A giant gecko (D:3)
  4 hobgoblins
  A jackal (D:3)
  A giant newt (D:3)
  A rat (D:1)
11 creatures vanquished.

Notes
Turn   | Place    | Note
--------------------------------------------------------------
     0 | D:1      | glosham, the Ogre Arcane Marksman, began the quest for the Orb.
     0 | D:1      | Reached XP level 1. HP: 19/19 MP: 2/2
   197 | D:3      | Reached skill level 2 in Fighting
   239 | D:3      | Reached skill level 3 in Fighting
   239 | D:3      | Reached XP level 2. HP: 16/31 MP: 1/3
   405 | D:4      | Noticed a worker ant
   414 | D:4      | Killed a worker ant
   414 | D:4      | Reached skill level 4 in Fighting
   414 | D:4      | Reached XP level 3. HP: 14/40 MP: 4/4
   427 | D:4      | HP: 4/40 [poisoned by a worker ant]
   432 | D:4      | HP: 3/40 [poisoned by a worker ant]
   433 | D:4      | Noticed a worker ant
   439 | D:4      | Killed a worker ant
   439 | D:4      | Reached skill level 5 in Fighting
   439 | D:4      | Reached XP level 4. HP: 3/50 MP: 6/6
   439 | D:4      | HP: 2/50 [poisoned by a worker ant]
   447 | D:4      | HP: 1/50 [poisoned by a worker ant]
   462 | D:4      | Noticed a worker ant
   463 | D:4      | Noticed a goliath beetle
   498 | D:4      | Found Kuumn's Book Shop.
   515 | D:5      | Entered Level 5 of the Dungeon
   522 | D:5      | Noticed Menkaure
   527 | D:5      | HP: 3/50 [Menkaure/nerve-wracking pain (8)]
   542 | D:6      | Noticed an ice beast
   556 | D:6      | Noticed a giant frog
   560 | D:6      | HP: 3/50 [giant frog (3)]
   568 | D:6      | HP: 3/50 [hobgoblin/club (2)]
   569 | D:7      | Noticed a yellow wasp
   609 | D:9      | Noticed a wyvern
   609 | D:9      | Noticed a troll
   611 | D:9      | Slain by a wyvern

Action                   |  1- 3 |  4- 6 || total
-------------------------+-------+-------++-------
Melee: Short sword       |    21 |       ||    21
       Unarmed           |     2 |       ||     2
Throw: Stone             |     5 |       ||     5
       Large rock        |     7 |     1 ||     8
       Throwing net      |     5 |       ||     5
 Cast: Corona            |     9 |       ||     9
 Abil: Evoke Teleportati |       |     3 ||     3
  Use: Scroll            |     3 |     1 ||     4

Table legend:
 A = Turns spent in this place as a percentage of turns spent in the entire game.
 B = Non-inter-level travel turns spent in this place as a percentage of non-inter-level travel turns spent in the entire game.
 C = Inter-level travel turns spent in this place as a percentage of turns spent in this place.
 D = Turns resting spent in this place as a percentage of non-inter-level travel turns spent in this place.
 E = Turns spent auto-exploring this place as a percentage of non-inter-level travel turns spent in this place.
 F = Non-inter-level travel turns spent in this place divided by the number of levels of this place that you've seen.
                   A       B       C       D       E      F
               +-------+-------+-------+-------+-------+----------------------
         Total | 100.0 | 100.0 |   0.4 |   0.0 |   0.0 |  54.2
       Dungeon | 100.0 | 100.0 |   0.4 |   0.0 |   0.0 |  54.2
               +-------+-------+-------+-------+-------+----------------------

Table legend:
 A = Kills in this place as a percentage of kills in entire the game.
 B = Kills by you in this place as a percentage of kills by you in the entire game.
 C = Kills by friends in this place as a percentage of kills by friends in the entire game.
 D = Other kills in this place as a percentage of other kills in the entire game.
 E = Experience gained in this place as a percentage of experience gained in the entire game.
 F = Experience gained in this place divided by the number of levels of this place that you have seen.
                   A       B       C       D       E      F
               +-------+-------+-------+-------+-------+----------------------
         Total | 100.0 | 100.0 |  -nan |  -nan | 100.0 |  10.2
       Dungeon | 100.0 | 100.0 |  -nan |  -nan | 100.0 |  10.2
               +-------+-------+-------+-------+-------+----------------------

Vault maps used:
D:1:      ldierk_walled_garden, minmay_misc_feat_secret_circle
D:2:      grunt_temple_overflow_open
D:3:      vehumet_altar_wand_db, uniq_sigmund
D:4:      demons_altar, serial_glass, glass_columns_b, glass_columns_b,
          serial_shops, shop_fountains
D:5:      elyvilon_altar_1, minmay_temple_entry_junction, enter_ossuary_1,
          first_bread, st_stairs_13, uniq_menkaure, uniq_iyjb
D:6:      serial_shops, kennysheep_little_box, shop, shop,
          cheibrodos_beetle_habitat, uniq_natasha
D:7:      erik_ogre, xom_teletrap_fun, serial_shops, nicolae_shop_waterfront
D:8:      lemuel_ratsnest, yredelemnul_altar_generic
D:9:      kiku_gazebo_pond_becter, orc_david_3
